 Dungeon Crawl Stone Soup version 0.29-a0-330-g52719c12eb (webtiles) character file.

Game seed: 12265872199084709714

2695 wateke the Basher (level 9, -2/69 HPs)
             Began as a Demonspawn Chaos Knight on Apr 12, 2022.
             Was a Plaything of Xom.
             Slain by Maggie
             ... wielding a +1 scimitar of flaming
              (10 damage)
             ... on level 7 of the Dungeon.
             The game lasted 00:29:53 (7068 turns).

wateke the Basher (Demonspawn Chaos Knight)         Turns: 7068, Time: 00:29:54

Health: -2/69      AC: 15    Str: 24    XL:     9   Next: 38%
Magic:  9/9        EV:  7    Int: 13    God:    Xom [.*....]
Gold:   460        SH:  0    Dex: 12    Spells: 8/8 levels left

rFire   . . .      SeeInvis .   a - +0 mace (chaos)
rCold   . . .      Faith    .   (no shield)
rNeg    . . .      Spirit   .   q - +0 plate armour
rPois   .          Reflect  .   v - +0 helmet
rElec   .          Harm     .   (no cloak)
rCorr   .          Rampage  .   (no gloves)
Will    .....                   (no boots)
Stlth   ..........              (no amulet)
HPRegen 0.21/turn               k - +6 ring of strength
MPRegen 0.11/turn               B - +4 ring of slaying

@: no status effects
A: claws 2, spiny 2, sharp scales 1
a: Renounce Religion


You were on level 7 of the Dungeon.
You worshipped Xom.
You were a plaything of Xom.
You visited 2 branches of the dungeon, and saw 8 of its levels.

You collected 460 gold pieces.

Inventory:

Hand Weapons
 a - a +0 mace of chaos (weapon)
 l - a +2 dagger of venom
 G - a +0 giant spiked club
 H - a +1 rapier of draining
Armour
 b - a +2 leather armour
 h - a +0 pair of gloves
 i - a +0 chain mail
 j - a +0 pair of gloves
 q - a +0 plate armour (worn)
 v - a +0 helmet (worn)
 F - a +1 robe of willpower
Magical Staves
 y - a staff of fire
 A - a staff of cold
Jewellery
 k - a +6 ring of strength (left claw)
 u - a ring of protection from cold
 B - a +4 ring of slaying (right claw)
Wands
 s - a wand of mindburst (4)
 E - a wand of paralysis (9)
Scrolls
 d - a scroll of enchant weapon {unknown}
 e - 2 scrolls of noise {unknown}
 f - 3 scrolls of teleportation {unknown}
 g - a scroll of silence {unknown}
 m - 2 scrolls of vulnerability {unknown}
 n - a scroll of holy word {unknown}
 o - a scroll of magic mapping {unknown}
 p - a scroll of enchant armour {unknown}
 w - 7 scrolls of identify {unknown}
 C - 2 scrolls of fog {unknown}
Potions
 r - 4 potions of curing {unknown}
 t - 2 potions of berserk rage {unknown}
 x - a potion of ambrosia {unknown}
 z - 2 potions of degeneration {unknown}
 D - 2 potions of attraction {unknown}
Miscellaneous
 c - a piece from Xom's chessboard (15/15) (quivered)


   Skills:
 + Level 6.2 Fighting
 + Level 8.0 Maces & Flails
 + Level 6.9 Armour
 + Level 2.0 Dodging
 + Level 1.7 Stealth
 + Level 2.1 Evocations


You had 8 spell levels left.
You didn't know any spells.
Your spell library contained the following spells:

 Spells                   Type           Power      Damage    Failure   Level
 Foxfire                  Conj/Fire      0%         2x1d4     99%         1
 Static Discharge         Conj/Air       0%         N/A       100%        2
 Conjure Flame            Conj/Fire      0%         6-21      100%        3
 Inner Flame              Hex/Fire       0%         N/A       100%        3
 Flame Wave               Conj/Fire      0%         2d4       100%        4
 Lightning Bolt           Conj/Air       0%         1d11      100%        5
 Summon Forest            Summ/Tloc      0%         N/A       100%        5
 Summon Mana Viper        Hex/Summ       0%         N/A       100%        5
 Summon Cactus Giant      Summ           0%         N/A       100%        6
 Maxwell's Capacitive Co  Air            0%         ∞         100%        8


Dungeon Overview and Level Annotations

Branches:
Dungeon (7/15)             Temple (1/1) D:4

Altars:
Ashenzari
Cheibriados
Dithmenos
Elyvilon
Fedhas
Gozag
Hepliaklqana
Kikubaaqudgha
Makhleb
Nemelex Xobeh
Okawaru
Qazlal
Ru
Sif Muna
Trog
Uskayaw
Vehumet
Wu Jian
Xom
Yredelemnul
Zin
The Shining One

Annotations:
D:7 Maggie


Innate Abilities, Weirdness & Mutations

You have very sharp fingernails.
You are mostly covered in sharp spines.
You are partially covered in razor-sharp scales. (AC +1, Slay +1)


Message History

The centaur hits you but does no damage.
The centaur completely misses you. Maggie barely misses you.
The centaur hits you but does no damage.
The centaur kicks you but does no damage.
You hit Maggie but do no damage.
Maggie is lightly wounded.
Maggie hits you with a +1 scimitar of flaming!
Maggie burns you.
The centaur hits you but does no damage.
The centaur kicks you but does no damage.
Maggie is struck by your spines. Maggie hits you but does no damage.
You sock Maggie! You freeze Maggie.
Maggie is heavily wounded.
The centaur is struck by your spines.
The centaur hits you but does no damage.
The centaur kicks you but does no damage.
Maggie hits you with a +1 scimitar of flaming.
Maggie burns you. The centaur is struck by your spines.
The centaur hits you but does no damage.
The centaur kicks you.
Aiming: Mindburst
Press: ? - help, Shift-Dir - straight line, f - centaur
Aim: a centaur (severely wounded, chance to affect: 73%)
Okay, then.
You hit the centaur. You freeze the centaur.
The centaur is almost dead.
Maggie hits you with a +1 scimitar of flaming!
* * * LOW HITPOINT WARNING * * *
Maggie burns you.
* * * LOW HITPOINT WARNING * * *
The centaur is struck by your spines.
You kill the centaur!
Maggie casts a spell at you. The bolt of fire hits you!
* * * LOW HITPOINT WARNING * * *
You hit Maggie.
Maggie is poisoned.
Maggie is heavily wounded.
Maggie hits you with a +1 scimitar of flaming!
You die...
Xom chortles!

#.# .. #.# #.
#.# .# #.###.#
#######....#
.##
#..........# ..
#..........## .
##..@@......###
#..)....>....#
#
##...######..##
# #...##
##..######
#...##
#........ #..##
##..####. #..#
#### #.. #.#
##. ##


You could see Maggie (fast, very poisoned).

Vanquished Creatures
  A deep elf pyromancer (D:7)
  Prince Ribbit (D:5)
  Sigmund (D:6)
  2 steam dragons
  A water moccasin (D:7)
  Duvessa (D:5)
  2 sky beasts
  An ogre (D:6)
  A centaur (D:7)
  2 phantoms
  Blork the orc (D:6)
  A necrophage (D:5)
  2 scorpions
  Dowan (D:5)
  5 hounds
  2 orc priests (D:6)
  2 jellies
  3 orc wizards
  4 iguanas
  9 adders
  2 white imps
  A worm (D:5)
  11 orcs
  8 ball pythons
  4 endoplasms
  3 giant cockroaches
  20 goblins
  5 hobgoblins
  10 kobolds
  2 quokkas
  9 bats
  4 frilled lizards
  5 rats
127 creatures vanquished.

Vanquished Creatures (others)
  A phantom (D:4)
1 creature vanquished.

Grand Total: 128 creatures vanquished

Notes
Turn   | Place    | Note
-------+----------+-------------------------------------------
     0 | D:1      | wateke the Demonspawn Chaos Knight began the quest for the
                  | Orb.
     0 | D:1      | Reached XP level 1. HP: 18/18 MP: 1/1
   116 | D:1      | XOM: silly message
   135 | D:1      | Reached skill level 3 in Maces & Flails
   146 | D:1      | Gained mutation: You are partially covered in razor-sharp
                  | scales. (AC +1, Slay +1) [demonic ancestry]
   146 | D:1      | Reached XP level 2. HP: 24/24 MP: 2/2
   148 | D:1      | XOM: potion effect (invisibility)
   189 | D:1      | XOM: divination: detect items
   789 | D:2      | XOM: 1-stop teleportation journey
   795 | D:2      | Gained mutation: You have sharp fingernails. [demonic
                  | ancestry]
   795 | D:2      | Reached XP level 3. HP: 28/29 MP: 3/3
   911 | D:2      | Reached skill level 1 in Dodging
   964 | D:2      | Found a bloodstained altar of Trog.
  1001 | D:2      | Reached XP level 4. HP: 34/36 MP: 4/4
  1293 | D:2      | Found a faded altar of an unknown god.
  1374 | D:2      | XOM: scenery: create altars
  1683 | D:2      | XOM: torment (20/37 hp)
  1756 | D:3      | Reached skill level 4 in Maces & Flails
  1890 | D:3      | XOM: 2-stop teleportation journey
  2108 | D:3      | Noticed a scorpion
  2120 | D:3      | Killed a scorpion
  2121 | D:3      | Gained mutation: You have very sharp fingernails. [demonic
                  | ancestry]
  2121 | D:3      | Reached XP level 5. HP: 26/42 MP: 5/5
  2225 | D:3      | XOM: god gift: scroll labelled MIFUIGALLU {god gift}
  2364 | D:3      | XOM: god gift: short copper wand {god gift}
  2642 | D:4      | XOM: butterfly on damage
  2736 | D:4      | Noticed a phantom
  2751 | D:4      | Killed a phantom
  2752 | D:4      | Reached skill level 5 in Maces & Flails
  2752 | D:4      | Gained mutation: You are partially covered in sharp spines.
                  | [demonic ancestry]
  2752 | D:4      | Reached XP level 6. HP: 16/48 MP: 6/6
  2761 | D:4      | XOM: divination: magic mapping
  2927 | D:4      | XOM: 4-stop teleportation journey
  3026 | D:4      | XOM: 1-stop teleportation journey
  3374 | D:4      | XOM: noise
  3414 | D:4      | Noticed a steam dragon
  3426 | D:4      | Killed a steam dragon
  3427 | D:4      | Reached XP level 7. HP: 8/54 MP: 7/7
  3767 | D:4      | Found a staircase to the Ecumenical Temple.
  3786 | Temple   | Entered the Ecumenical Temple
  3869 | Temple   | XOM: 3-stop teleportation journey
  4362 | D:5      | XOM: noise
  4362 | D:5      | Entered Level 5 of the Dungeon
  4560 | D:5      | Reached skill level 6 in Maces & Flails
  4655 | D:5      | Noticed Duvessa
  4655 | D:5      | Noticed Dowan
  4659 | D:5      | Killed Duvessa
  4665 | D:5      | Killed Dowan
  4666 | D:5      | Reached skill level 1 in Stealth
  4685 | D:5      | Noticed a steam dragon
  4715 | D:5      | Killed a steam dragon
  4997 | D:5      | XOM: silly message
  5049 | D:5      | Noticed Prince Ribbit
  5054 | D:5      | Killed Prince Ribbit
  5055 | D:5      | Reached skill level 5 in Fighting
  5055 | D:5      | Reached skill level 5 in Armour
  5055 | D:5      | Reached skill level 1 in Evocations
  5055 | D:5      | Reached XP level 8. HP: 45/62 MP: 8/8
  5537 | D:6      | XOM: silly message
  5651 | D:6      | Reached skill level 7 in Maces & Flails
  5963 | D:6      | Noticed Sigmund
  5973 | D:6      | Killed Sigmund
  6044 | D:6      | Noticed Blork the orc
  6057 | D:6      | Killed Blork the orc
  6217 | D:6      | XOM: silly message
  6290 | D:6      | Found a shadowy altar of Dithmenos.
  6290 | D:6      | Found a sparkling altar of Nemelex Xobeh.
  6338 | D:6      | XOM: smoke on damage
  6708 | D:7      | Noticed a deep elf pyromancer
  6708 | D:7      | XOM: 3-stop teleportation journey
  6713 | D:7      | Gained mutation: You are mostly covered in sharp spines.
                  | [demonic ancestry]
  6713 | D:7      | Reached XP level 9. HP: 69/69 MP: 9/9
  6716 | D:7      | Killed a deep elf pyromancer
  7020 | D:7      | Reached skill level 8 in Maces & Flails
  7055 | D:7      | Noticed Maggie
  7068 | D:7      | Slain by Maggie

Illustrated notes

Levels and vault maps discovered:
D:1:      evilmike_arrival_plus, layout_loops_ring
D:2:      layout_loops_ring, basic_altar, shapermc_ecumenical_altar_notcrosses
D:3:      layout_rooms
D:4:      nicolae_cairo_tiling_large, layout_rooms,
          minmay_temple_entry_offerings
D:5:      layout_loops_ring, uniq_duvessa, uniq_prince_ribbit1
D:6:      layout_basic, amethyst_overflow_temple_binary, minmay_ogre_servants,
          uniq_blork_the_orc, uniq_sigmund
D:7:      layout_layer_cave, serial_shops, nicolae_shop_crystal, uniq_maggie
Temple:   mainiacjoe_temple_cubbyholes

Skill      XL: |  1  2  3  4  5  6  7  8  9 |
---------------+----------------------------+-----
Maces & Flails | 3 4 5 6 7 8 |  8.0
Armour         | 2 3 5 6 |  6.9
Dodging        | 1 2 |  2.0
Fighting       | 4 5 6 |  6.2
Stealth        | 1 |  1.7
Evocations     | 1 2 |  2.1

Action                   |  1- 3 |  4- 6 |  7- 9 || total
-------------------------+-------+-------+-------++-------
Melee: Mace              |    83 |   122 |   128 ||   333
       Punch             |     1 |       |       ||     1
       Staff             |       |       |    17 ||    17
Evoke: Wand              |       |     2 |    12 ||    14
  Use: Potion            |       |     2 |       ||     2
 Stab: Sleeping          |       |     1 |       ||     1
       Invisible         |       |     1 |       ||     1
       Paralysed         |       |       |     2 ||     2
Armor: Leather armour    |    29 |       |       ||    29
       Chain mail        |    14 |    41 |       ||    55
       Plate armour      |       |    62 |   103 ||   165
Dodge: Dodged            |    54 |    32 |    38 ||   124

Table legend: (Time is in decaauts)
 A = Elapsed time spent in this place.
 B = Non-inter-level travel time spent in this place.
 C = Inter-level travel time spent in this place.
 D = Time resting spent in this place.
 E = Time spent auto-exploring this place.
 F = Levels seen in this place.
 G = Mean time per level.
                   A        B        C        D        E       F      G
               +--------+--------+--------+--------+--------+-----+--------+
         Total |   7112 |   6973 |    139 |   1009 |   4301 |   8 |  889.0 |
       Dungeon |   6620 |   6534 |     86 |   1009 |   4102 |   7 |  945.7 |
        Temple |    491 |    438 |     53 |      0 |    199 |   1 |  491.0 |
               +--------+--------+--------+--------+--------+-----+--------+

Top non-repeatable levels by time:
     D:4: 1247 daAuts
     D:6: 1229 daAuts
     D:5: 1115 daAuts
     D:2: 1043 daAuts
     D:3: 891 daAuts
     D:1: 728 daAuts
  Temple: 491 daAuts
     D:7: 366 daAuts
